 Dungeon Crawl Stone Soup version 0.22-a0-612-gd2f0174 (webtiles) character file.

126 iamserjio the Chopper (level 5, 0/73 HPs)
             Began as a Naga Berserker on July 11, 2018.
             Was a Follower of Trog.
             Slain by a scorpion (7 damage)
             ... on level 4 of the Dungeon.
             The game lasted 00:03:41 (467 turns).

iamserjio the Chopper (Naga Berserker)               Turns: 467, Time: 00:03:42

Health: 0/73       AC:  4    Str: 25    XL:     5   Next: 9%
Magic:  5/5        EV:  9    Int:  8    God:    Trog [*.....]
Gold:   42         SH:  3    Dex: 10    Spells: 4/4 levels left

rFire    . . .     SeeInvis +   a - +0 hand axe
rCold    . . .     Gourm    .   (no shield)
rNeg     . . .     Faith    .   g - +0 ring mail
rPois    +         Spirit   .   (no helmet)
rElec    .         Reflect  +   (no cloak)
rCorr    .         Harm     .   (no gloves)
MR       .....                  (no barding)
Stlth    ..........             d - +3 amulet of reflection
HPRegen  0.22/turn              (no ring)
MPRegen  0.09/turn              (no ring)

@: berserking, quick
A: large, see invisible, deformed body, poison resistance, slowness 2, slow
metabolism 1, spit poison 1, AC +1
a: Spit Poison, Berserk, Renounce Religion


You were on level 4 of the Dungeon.
You worshipped Trog.
Trog was aware of your devotion.
You were very hungry.

You visited 1 branch of the dungeon, and saw 4 of its levels.

You collected 42 gold pieces.

Inventory:

Hand Weapons
 a - a +0 hand axe (weapon)
 m - a +3 flail
Armour
 b - a +0 animal skin
 g - a +0 ring mail (worn)
Jewellery
 d - a +3 amulet of reflection (around neck)
Wands
 h - a wand of paralysis (10)
Scrolls
 e - 3 scrolls of fog {unknown}
 f - a scroll of fear {unknown}
 k - a scroll of enchant weapon {unknown}
 l - a scroll of identify {unknown}
 n - a scroll of immolation {unknown}
 p - a scroll of remove curse {unknown}
Potions
 j - a potion of berserk rage {unknown}
 o - 2 potions of degeneration {unknown}
Comestibles
 c - 2 rations
 i - 9 chunks of flesh


   Skills:
 + Level 3.6 Fighting
 * Level 4.2 Axes
 + Level 2.2 Armour
 - Level 1.5 Dodging
 + Level 3.0 Stealth


You had 4 spell levels left.
You didn't know any spells.
Your spell library was empty.

Dungeon Overview and Level Annotations

Branches:
Dungeon (4/15)
 Temple: D:4-7

Altars:
Hepliaklqana
Makhleb


Innate Abilities, Weirdness & Mutations

You cannot wear boots.
Your serpentine skin is tough. (AC +1)
You have supernaturally acute eyesight. (SInv)
Armour fits poorly on your strangely shaped body.
Your system is resistant to poisons. (rPois)
You cover ground very slowly.
You have a slow metabolism.
You can spit poison.


Message History

A scorpion comes into view.
A scorpion comes into view.
A red film seems to cover your vision as you go berserk!
You feel yourself moving faster!
You feel mighty!
You are feeling very hungry.
The scorpion barely misses you.
You slash the scorpion!
The scorpion is moderately wounded.
The scorpion stings you.
* * * LOW HITPOINT WARNING * * *
You slash the scorpion!
The scorpion is almost dead.
The scorpion stings you.
* * * LOW HITPOINT WARNING * * *
You completely miss the scorpion.
The scorpion is almost dead.
You barely miss the scorpion.
The scorpion is almost dead.
The scorpion stings you!
You die...

#....###..####
.###....#.....#
(......<..# #
.⌠...#.#..# .#
.....#.#..##.#
###....#.....##### #.
#.................
.#...#?...#.#..##.#####
......s@..........#
...#.#s#..#.#..#..#
...#.......#..#
#.#.#..#.#..# .#
................. #.#
..#..#.#....... ...
.............#### ##
####.##.#.####


You could see 2 scorpions.

Vanquished Creatures
  An orc priest (D:3)
  Natasha (D:3)
  Terence (D:3)
  3 adders (D:2)
  A worm (D:3)
  2 orcs (D:3)
  A goblin (D:2)
  4 hobgoblins
  3 bats
  A frilled lizard (D:2)
  3 kobolds
  2 rats
23 creatures vanquished.

Notes
Turn   | Place    | Note
-------+----------+-------------------------------------------
     0 | D:1      | iamserjio the Naga Berserker began the quest for the Orb.
     0 | D:1      | Reached XP level 1. HP: 21/21 MP: 1/1
   135 | D:2      | Reached skill level 1 in Stealth
   135 | D:2      | Reached XP level 2. HP: 28/28 MP: 2/2
   156 | D:2      | Reached XP level 3. HP: 18/34 MP: 3/3
   284 | D:3      | Found a burning altar of Makhleb.
   284 | D:3      | Noticed a balrug
   296 | D:3      | Noticed Natasha
   303 | D:3      | Killed Natasha
   303 | D:3      | Reached XP level 4. HP: 13/42 MP: 4/4
   303 | D:3      | Reached skill level 4 in Axes
   350 | D:3      | Found a hazy altar of Hepliaklqana.
   371 | D:3      | Found a faded altar of an unknown god.
   385 | D:3      | Noticed Terence
   392 | D:3      | Killed Terence
   392 | D:3      | Reached XP level 5. HP: 39/49 MP: 5/5
   467 | D:4      | Slain by a scorpion

Vault maps used:
D:1:      dpeg_arrival_three_bigger_balls, moated_statue,
          minmay_misc_feat_more_columns
D:2:      minitemple
D:3:      lemuel_crystal_altar, chequers_ecumenical_altar_simple_redux,
          makhleb_altar_promises_db, uniq_natasha, uniq_terence, uniq_sigmund
D:4:      lemuel_round_altar, minmay_temple_entry_junction_2, first_ration,
          okawaru_gym_becter, uniq_eustachio

Skill      XL: |  1  2  3  4 |
---------------+-------------+-----
Stealth        | 1 2 3 |  3.0
Armour         | 2 |  2.2
Axes           | 4 |  4.2
Fighting       | |  3.6
Dodging        | |  1.5

Action                   |  1- 3 |  4- 6 || total
-------------------------+-------+-------++-------
Melee: Hand axe          |    70 |    24 ||    94
Invok: Berserk           |     2 |     2 ||     4
 Abil: Spit Poison       |     3 |     3 ||     6
 Stab: Sleeping          |       |     1 ||     1
  Eat: Chunk             |       |     1 ||     1
Armor: Ring mail         |    31 |     2 ||    33
       Animal skin       |     1 |       ||     1
Dodge: Dodged            |    37 |     6 ||    43
Block: Other             |    14 |     4 ||    18
       Reflection        |     1 |       ||     1

Table legend:
 A = Spawn XP
 B = Non-spawn XP
 C = Spawn XP percentage of total XP
 D = Spawn monster count
 E = Non-spawn monster count
 F = Spawn count percentage of total count
 G = Total turns spent on level
                    A         B        C        D         E        F      G
               +---------+---------+-------+---------+---------+-------+---------
         Total |       0 |     180 |   0.0 |       0 |      23 |   0.0 |   467
               +---------+---------+-------+---------+---------+-------+---------
           D:1 |       0 |       6 |   0.0 |       0 |       4 |   0.0 |    81
           D:2 |       0 |      51 |   0.0 |       0 |      11 |   0.0 |   218
           D:3 |       0 |     123 |   0.0 |       0 |       8 |   0.0 |   150
               +---------+---------+-------+---------+---------+-------+---------
